 Dungeon Crawl Stone Soup version 0.26.1-2-gb8aa6d0cf2 (webtiles) character file.

Game seed: 4233893745797011029

198 DarkShadow the Shield-Bearer (level 5, -2/51 HPs)
             Began as a Minotaur Fighter on Mar 24, 2021.
             Slain by an ufetubus (4 damage)
             ... summoned by Eustachio
             ... on level 4 of the Dungeon.
             The game lasted 00:09:28 (2637 turns).

DarkShadow the Shield-Bearer (Minotaur Fighter)     Turns: 2637, Time: 00:09:28

Health: -2/51      AC:  7    Str: 21    XL:     5   Next: 47%
Magic:  4/4        EV:  6    Int:  5    God:
Gold:   140        SH:  0    Dex:  6    Spells: 4/4 levels left

rFire    . . .     SeeInvis .   a - +2 war axe
rCold    . . .     Faith    .   g - +1 tower shield
rNeg     . . .     Spirit   .   b - +0 scale mail
rPois    .         Reflect  .   (helmet restricted)
rElec    .         Harm     .   (no cloak)
rCorr    .         Rampage  .   (no gloves)
Will     .....                  (no boots)
Stlth    ..........             (no amulet)
HPRegen  0.17/turn              (no ring)
MPRegen  0.09/turn              (no ring)

@: confused, slowed, very slow
A: retaliatory headbutt, horns 2, talons 1, clumsy 2, robust 1
a: no special abilities


You were on level 4 of the Dungeon.
You visited 1 branch of the dungeon, and saw 4 of its levels.

You collected 140 gold pieces.

Inventory:

Hand Weapons
 a - a +2 war axe (weapon)
Armour
 b - a +0 scale mail (worn)
 c - a +0 kite shield
 g - a +1 tower shield (worn)
Jewellery
 f - an uncursed ring of magical power
 j - a +6 ring of dexterity {unknown}
Scrolls
 h - 2 scrolls of remove curse
 k - 3 scrolls of teleportation
 l - a scroll of fear
Potions
 d - 2 potions of might
 e - a potion of brilliance
 i - 2 potions of flight


   Skills:
 + Level 4.3 Fighting
 + Level 4.2 Axes
 + Level 4.4 Armour
 + Level 1.3 Dodging
 + Level 5.2 Shields


You had 4 spell levels left.
You didn't know any spells.
Your spell library was empty.

Dungeon Overview and Level Annotations

Branches:
Dungeon (4/15)
 Temple: D:4-7

Altars:
Elyvilon
Kikubaaqudgha

Shops:
D:4 :

Annotations:
D:4 Eustachio, Natasha, Sigmund


Innate Abilities, Weirdness & Mutations

You reflexively headbutt those who attack you in melee.
You have a pair of horns on your head.
You have sharp toenails.
You are very clumsy. (Dex -4)
You are robust. (+10% HP)


Message History

You closely miss the crimson imp. You closely miss the iron imp.
You hit Natasha. You hit the ufetubus.
The ufetubus hits you but does no damage. x2
Eustachio closely misses you.
The crimson imp picks up a beetle and eats it.
The crimson imp closely misses you.
You hear some strange, mumbled words.
A magic dart appears from out of thin air!
The magic dart hits you.
* * * LOW HITPOINT WARNING * * *
The ufetubus hits you but does no damage. x2
Natasha claws you but does no damage. Eustachio barely misses you.
The crimson imp hits you but does no damage.
The iron imp shouts, "Scamper hence, thou quaking dread-bolted slabber!"
The iron imp hits you.
* * * LOW HITPOINT WARNING * * *
Something hits you!
* * * LOW HITPOINT WARNING * * *
The ufetubus barely misses you. The ufetubus hits you.
You die...

..≈≈≈≈≈P≈≈..#
≈≈≈≈≈≈≈.....
.≈≈≈≈≈≈≈...
≈≈≈5≈P.≈..# ###
≈≈≈≈≈≈≈...# ..#
≈≈P≈...5..# ..#
≈P≈≈..@55.# # ..#
≈.≈...{@h.#.# ..#
.≈[...##5...# .)#
...#+ #..### ..###
# #.## ....# ###.#
....+ #...#
....#########.#.###
..#<#.........#...#
#.#...#########.#.#


You could see Eustachio, an iron imp (summoned), Natasha, 2 crimson imps, a
shadow imp (summoned) and an ufetubus (summoned).

Vanquished Creatures
  An iguana (D:4)
  An orc wizard (D:3)
  4 adders
  An ooze (D:2)
  3 worms (D:3)
  4 dart slugs
  A leopard gecko (D:1)
  9 orcs (D:3)
  3 giant cockroaches
  8 goblins
  11 hobgoblins
  2 jackals (D:2)
  10 kobolds
  3 ball pythons
  9 bats
  3 frilled lizards
  8 rats
81 creatures vanquished.

Vanquished Creatures (others)
  A leopard gecko (D:2)
  A hobgoblin (D:2)
  A frilled lizard (D:2)
3 creatures vanquished.

Grand Total: 84 creatures vanquished

Notes
Turn   | Place    | Note
-------+----------+-------------------------------------------
     0 | D:1      | DarkShadow the Minotaur Fighter began the quest for the
                  | Orb.
     0 | D:1      | Reached XP level 1. HP: 19/19 MP: 0/0
   360 | D:1      | Reached XP level 2. HP: 27/27 MP: 1/1
   481 | D:1      | Reached skill level 4 in Shields
   947 | D:1      | Reached XP level 3. HP: 33/33 MP: 2/2
  1070 | D:2      | Found an ancient bone altar of Kikubaaqudgha.
  1323 | D:2      | Found a white marble altar of Elyvilon.
  1347 | D:2      | Reached XP level 4. HP: 33/40 MP: 3/3
  1729 | D:2      | Gained mutation: You have sharp toenails. [potion of
                  | mutation]
  1729 | D:2      | Gained mutation: You are clumsy. (Dex -2) [potion of
                  | mutation]
  1729 | D:2      | Gained mutation: You are very clumsy. (Dex -4) [potion of
                  | mutation]
  1729 | D:2      | Gained mutation: You are robust. (+10% HP) [potion of
                  | mutation]
  2012 | D:3      | Reached skill level 1 in Dodging
  2145 | D:3      | Reached skill level 5 in Shields
  2279 | D:3      | Reached XP level 5. HP: 50/50 MP: 4/4
  2543 | D:4      | Found Guanodis's Book Emporium.
  2629 | D:4      | Noticed Sigmund
  2630 | D:4      | Noticed Eustachio
  2630 | D:4      | Noticed Natasha
  2637 | D:4      | HP: 2/51 [something (7)]
  2637 | D:4      | Slain by an ufetubus

Illustrated notes

Levels and vault maps discovered:
D:1:      erik_arrival_triangle_small, layout_basic
D:2:      layout_loops_ring, overflow_temple_1_default, elyvilon_altar_4,
          kennysheep_flooded_box, nrook_loot_triangle, minmay_tiny_reverse_x
D:3:      layout_rooms
D:4:      layout_basic, serial_shops, shop, chequers_big_river,
          kennysheep_generic_room_14, uniq_eustachio, uniq_sigmund,
          uniq_blork_the_orc, uniq_natasha

Skill      XL: |  1  2  3  4  5 |
---------------+----------------+-----
Fighting       | 4 |  4.3
Shields        | 4 5 |  5.2
Armour         | 4 |  4.4
Axes           | 3 4 |  4.2
Dodging        | 1 |  1.3

Action                   |  1- 3 |  4- 6 || total
-------------------------+-------+-------++-------
Melee: War axe           |    95 |    77 ||   172
       Headbutt          |    14 |    13 ||    27
       Kick              |       |    16 ||    16
  Use: Scroll            |       |    14 ||    14
       Potion            |       |     1 ||     1
Armor: Scale mail        |    68 |    68 ||   136
Dodge: Dodged            |    43 |    38 ||    81
Block: Kite shield       |    80 |    41 ||   121
       Tower shield      |       |     3 ||     3
